WCHLSIM.com - West Coast Hockey League
html PUBLIC "-//W3C//DTD XHTML 1.0 Transitional//EN" "http://www.w3.org/TR/xhtml1/DTD/xhtml1-transitional.dtd"> WCHL - Game 1208 - VANCOUVER VOODOO vs ANAHEIM OUTLAWS

VANCOUVER VOODOO vs ANAHEIM OUTLAWS

Created - 9 avril 2024 at 21:03

Goals
1 2 3 OT1 T
VANCOUVER VOODOO 2 0 1 1 4
ANAHEIM OUTLAWS 3 0 0 0 3
Shots
1 2 3 OT1 T
VANCOUVER VOODOO 15 6 15 3 39
ANAHEIM OUTLAWS 9 5 9 1 24

1st period

1. ANAHEIM OUTLAWS , Michael Bunting 19 (Michael Rasmussen 20, Morgan Rielly 43) at 5:21 (PP)
2. ANAHEIM OUTLAWS , Adrian Kempe 24 (Carter Verhaeghe 22) at 5:29
3. VANCOUVER VOODOO , Christian Dvorak 23 (Jonathan Drouin 37, Josh Bailey 20) at 7:27
4. ANAHEIM OUTLAWS , Adrian Kempe 25 (Carter Verhaeghe 23, Noah Hanifin 45) at 15:34
5. VANCOUVER VOODOO , Joshua Norris 14 (Ryan Suter 16, Josh Bailey 21) at 16:13 (PP)

Penalties :
Joshua Norris (VAN) for Hooking (Minor) at 5:13, Noah Hanifin (ANA) for Delaying the game (Minor) at 8:21, Jack Quinn (ANA) for Tripping (Minor) at 15:51

2nd period

No Goal

Penalties :
Henri Jokiharju (ANA) for High sticking (Minor) at 1:31, Pius Suter (ANA) for High sticking (Minor) at 6:47, Alexander Romanov (VAN) for Tripping (Minor) at 19:11

3rd period

6. VANCOUVER VOODOO , Josh Anderson 20 (Sean Couturier 14, Patrick Kane 43) at 13:34

Penalties :
No Penalty

Overtime #1

7. VANCOUVER VOODOO , Patrick Kane 23 (Sean Couturier 15) at 1:49

Penalties :
No Penalty

Goalie Stats

Filip Gustavsson (VAN), 21 saves from 24 shots - (0,875), W, 20-18-2, 61:50 minutes
Jacob Markstrom (ANA), 35 saves from 39 shots - (0,897), OTL, 31-31-7, 61:50 minutes

Players Stats for VANCOUVER VOODOO

Player Name              G  A  P  +/- PIM S  H  SB GA TA FO     MP     PP MP  PK MP  
------------------------------------------------------------------------------------
Alex Newhook             0  0  0   0  0   0  0  0  0  0  1/4     4:02   0:00   0:00 
Alexander Edler          0  0  0   0  0   0  0  0  0  0  0/0     0:00   0:00   0:00 
Alexander Romanov        0  0  0  -1  2   1  4  2  0  0  0/0    24:40   3:25   0:00 
Braden Schneider         0  0  0   1  0   0  1  0  0  0  0/0    16:38   0:00   0:00 
Carson Soucy             0  0  0   0  0   2  0  0  0  0  0/0    16:10   0:00   1:12 
Christian Dvorak         1  0  1   0  0   2  1  0  0  0  21/25  13:43   0:00   1:37 
Denis Malgin             0  0  0   0  0   1  0  0  0  0  0/0     4:02   0:00   0:00 
Jonathan Drouin          0  1  1   0  0   5  0  0  0  0  0/0    14:57   2:51   0:00 
Jordan Harris            0  0  0   0  0   0  0  0  0  0  0/0    19:04   2:54   1:12 
Josh Anderson            1  0  1   1  0   4  2  0  0  0  2/3    21:19   3:28   0:00 
Josh Bailey              0  2  2   0  0   3  0  0  0  0  1/1    15:34   3:28   0:00 
Joshua Norris            1  0  1  -1  2   5  0  0  0  0  21/30  21:26   3:28   0:00 
Nicolas Hague            0  0  0   1  0   1  3  0  0  0  0/0    20:27   2:54   0:55 
Nicolas Roy              0  0  0  -1  0   2  0  0  0  0  3/4    21:20   2:51   0:30 
Patrick Kane             1  1  2   2  0   1  0  0  0  0  0/0    19:17   0:00   0:00 
Rafael Harvey-Pinard     0  0  0  -1  0   7  2  0  0  0  0/2    19:12   0:00   1:37 
Ryan Suter               0  1  1   0  0   0  0  1  0  0  0/0    24:50   3:25   0:55 
Sean Couturier           0  2  2   2  0   5  0  0  0  0  20/30  26:40   2:51   0:30 

Players Stats for ANAHEIM OUTLAWS

Player Name              G  A  P  +/- PIM S  H  SB GA TA FO     MP     PP MP  PK MP  
------------------------------------------------------------------------------------
Adrian Kempe             2  0  2   2  0   4  4  0  0  0  5/24   17:04   0:00   0:26 
Carter Verhaeghe         0  2  2   2  0   0  0  0  0  0  0/3    17:04   0:00   0:26 
David Gustafsson         0  0  0  -1  0   0  1  0  0  0  0/0     5:34   0:00   0:00 
Henri Jokiharju          0  0  0   1  2   0  6  1  0  0  0/0    19:12   0:24   1:50 
Jack Quinn               0  0  0   0  2   2  0  0  0  0  0/0    11:56   0:00   0:00 
Jeff Skinner             0  0  0  -1  0   4  0  0  0  0  1/4    22:23   1:35   2:51 
Joey Anderson            0  0  0  -1  0   0  0  0  0  0  0/0    17:57   0:32   0:00 
Kent Johnson             0  0  0   0  0   4  1  0  0  0  2/8    16:34   1:35   3:02 
Kevin Fiala              0  0  0  -2  0   0  1  0  0  0  4/12    8:31   1:35   0:00 
Michael Bunting          1  0  1   2  0   1  0  0  0  0  1/1    20:29   0:32   2:51 
Michael Rasmussen        0  1  1  -2  0   4  1  0  0  0  13/27  22:17   0:32   3:02 
Morgan Rielly            0  1  1   1  0   2  1  2  0  0  0/0    25:45   1:43   3:36 
Noah Hanifin             0  1  1   2  2   1  1  0  0  0  0/0    22:16   0:24   2:13 
Oliver Ekman-Larsson     0  0  0  -2  0   0  0  1  0  0  0/0    16:04   0:00   1:23 
Pierre Engvall           0  0  0  -1  0   1  0  0  0  0  0/1     5:34   0:00   0:00 
Pius Suter               0  0  0   0  2   1  2  0  0  0  4/19   11:56   0:00   0:00 
Rasmus Ristolainen       0  0  0  -3  0   0  2  2  0  0  0/0    19:35   0:00   3:36 
Victor Soderstrom        0  0  0   0  0   0  0  0  0  0  0/0    18:56   1:43   0:00 

3 Stars

1 - Adrian Kempe (ANA)
2 - Patrick Kane (VAN)
3 - Sean Couturier (VAN)

Power Play

VANCOUVER VOODOO - 1 on 4 Attempt(s) - 25,00%
ANAHEIM OUTLAWS - 1 on 2 Attempt(s) - 50,00%

Penalty Kill

VANCOUVER VOODOO - 1 on 2 Attempt(s) - 50,00% - Score 0 goal in Penalty Kill
ANAHEIM OUTLAWS - 3 on 4 Attempt(s) - 75,00% - Score 0 goal in Penalty Kill

Team Stat

VANCOUVER VOODOO - Hits : 13 - Faceoff Wins : 69 - Blocked Shots : 3 - Penalty Minutes : 4
ANAHEIM OUTLAWS - Hits : 20 - Faceoff Wins : 30 - Blocked Shots : 6 - Penalty Minutes : 8

Official

Referees : Troy Paterson and Shaun Davis
Linesman : Neil Campbell and Ken Bonham

Game Notes

No Game Note

Finance

Level 1 -- Attendance: 4850 (74,62%) -- Ticket Income 945 750 $
Level 2 -- Attendance: 3541 (64,38%) -- Ticket Income 460 330 $
Level 3 -- Attendance: 2384 (95,36%) -- Ticket Income 214 560 $
Level 4 -- Attendance: 3010 (60,20%) -- Ticket Income 225 750 $
Luxury Box -- Attendance: 613 (61,30%) -- Ticket Income 245 200 $
Game was played at the Bouch Garden.
Total Attendance: 14398 (70,23%)
Total Ticket Income: 2 091 590 $
Other Expense: 20 916 $
Total Income: 2 070 674 $

VANCOUVER VOODOO

5 vs 5 Forward 
   Center                   Left Wing                Right Wing               Time % Phy DF OF 
 1 Sean Couturier           Josh Anderson            Patrick Kane             36     1   1  3  
 2 Joshua Norris            Rafael Harvey-Pinard     Nicolas Roy              36     1   2  2  
 3 Christian Dvorak         Jonathan Drouin          Josh Bailey              24     2   2  1  
 4 Alex Newhook             Denis Malgin             Sean Couturier           4      3   1  1  

5 vs 5 Defense 
   Defense                  Defense                                           Time % Phy DF OF 
 1 Ryan Suter               Alexander Romanov                                 36     1   2  2  
 2 Braden Schneider         Nicolas Hague                                     34     1   1  3  
 3 Jordan Harris            Carson Soucy                                      30     2   2  1  
 4 Carson Soucy             Jordan Harris                                     0      1   2  2  

PowerPlay Forward 
   Center                   Left Wing                Right Wing               Time % Phy DF OF 
 1 Sean Couturier           Jonathan Drouin          Nicolas Roy              53     1   1  3  
 2 Joshua Norris            Josh Anderson            Josh Bailey              47     2   1  2  

PowerPlay Defense
   Defense                  Defense                                           Time % Phy DF OF 
 1 Ryan Suter               Alexander Romanov                                 53     1   1  3  
 2 Nicolas Hague            Jordan Harris                                     47     1   2  2  

Penalty Kill 4 Players Forward 
   Center                   Wing                     Time % Phy DF OF 
 1 Christian Dvorak         Rafael Harvey-Pinard     60     1   4  0  
 2 Sean Couturier           Nicolas Roy              40     2   2  1  

Penalty Kill 4 Players Defense
   Defense                  Defense                  Time % Phy DF OF 
 1 Nicolas Hague            Ryan Suter               53     2   3  0  
 2 Carson Soucy             Alexander Romanov        47     1   3  1  

Penalty Kill - 3 Players Forward 
   Forward                                           Time % Phy DF OF 
 1 Joshua Norris                                     55     1   4  0  
 2 Sean Couturier                                    45     2   3  0  

Penalty Kill - 3 Players Defense
   Defense                  Defense                  Time % Phy DF OF 
 1 Nicolas Hague            Ryan Suter               52     1   4  0  
 2 Alexander Romanov        Braden Schneider         48     1   3  1  

4 vs 4 Forward 
   Center                   Wing                     Time % Phy DF OF 
 1 Christian Dvorak         Sean Couturier           51     1   2  2  
 2 Joshua Norris            Alex Newhook             49     2   1  2  

4 vs 4 Defense
   Defense                  Defense                  Time % Phy DF OF 
 1 Nicolas Hague            Carson Soucy             52     1   2  2  
 2 Braden Schneider         Ryan Suter               48     1   2  2  

Last Minutes Offensive
   Center                   Left Wing                Right Wing               Defense                  Defense                  
   Sean Couturier           Josh Anderson            Patrick Kane             Ryan Suter               Alexander Romanov        

Last Minutes Defensive
   Center                   Left Wing                Right Wing               Defense                  Defense                  
   Sean Couturier           Christian Dvorak         Nicolas Roy              Ryan Suter               Alexander Romanov        

Goaltenders
Starting : Filip Gustavsson         
Backup : Samuel Montembeault      

Extra Forwards
Normal : Sean Couturier, Joshua Norris, Jonathan Drouin - PP : Sean Couturier, Christian Dvorak - PK : Josh Anderson
Extra Defensemen
Normal : Carson Soucy, Alexander Romanov, Ryan Suter - PP : Braden Schneider - PK : Jordan Harris, Ryan Suter
Penalty Shots
Christian Dvorak, Rafael Harvey-Pinard, Sean Couturier, Jonathan Drouin, Nicolas Roy
Custom OT Lines Forwards
Patrick Kane, Sean Couturier, Joshua Norris, Nicolas Roy, Josh Anderson, Christian Dvorak, Rafael Harvey-Pinard, Jonathan Drouin, Josh Bailey, Alex Newhook
Custom OT Lines Defensemen
Alexander Romanov, Ryan Suter, Nicolas Hague, Jordan Harris, Braden Schneider

Scratches
Michael Pezzetta (Healthy), Max Pacioretty (Healthy), Kirby Dach (Left Ankle Injury)

ANAHEIM OUTLAWS

5 vs 5 Forward 
   Center                   Left Wing                Right Wing               Time % Phy DF OF 
 1 Michael Rasmussen        Jeff Skinner             Joey Anderson            36     1   2  2  
 2 Adrian Kempe             Michael Bunting          Carter Verhaeghe         31     1   2  2  
 3 Pius Suter               Kent Johnson             Jack Quinn               23     1   2  2  
 4 Kevin Fiala              Pierre Engvall           David Gustafsson         10     1   2  2  

5 vs 5 Defense 
   Defense                  Defense                                           Time % Phy DF OF 
 1 Victor Soderstrom        Morgan Rielly                                     36     1   2  2  
 2 Noah Hanifin             Henri Jokiharju                                   31     1   2  2  
 3 Rasmus Ristolainen       Oliver Ekman-Larsson                              23     1   2  2  
 4 Noah Hanifin             Morgan Rielly                                     10     1   2  2  

PowerPlay Forward 
   Center                   Left Wing                Right Wing               Time % Phy DF OF 
 1 Kevin Fiala              Jeff Skinner             Kent Johnson             55     1   2  2  
 2 Michael Rasmussen        Michael Bunting          Joey Anderson            45     1   2  2  

PowerPlay Defense
   Defense                  Defense                                           Time % Phy DF OF 
 1 Victor Soderstrom        Morgan Rielly                                     55     1   2  2  
 2 Noah Hanifin             Henri Jokiharju                                   45     1   2  2  

Penalty Kill 4 Players Forward 
   Center                   Wing                     Time % Phy DF OF 
 1 Kent Johnson             Michael Rasmussen        55     1   2  2  
 2 Jeff Skinner             Michael Bunting          45     1   2  2  

Penalty Kill 4 Players Defense
   Defense                  Defense                  Time % Phy DF OF 
 1 Rasmus Ristolainen       Morgan Rielly            55     1   2  2  
 2 Noah Hanifin             Henri Jokiharju          45     1   2  2  

Penalty Kill - 3 Players Forward 
   Forward                                           Time % Phy DF OF 
 1 Kent Johnson                                      55     1   2  2  
 2 Michael Bunting                                   45     1   2  2  

Penalty Kill - 3 Players Defense
   Defense                  Defense                  Time % Phy DF OF 
 1 Rasmus Ristolainen       Morgan Rielly            55     1   2  2  
 2 Noah Hanifin             Henri Jokiharju          45     1   2  2  

4 vs 4 Forward 
   Center                   Wing                     Time % Phy DF OF 
 1 Jeff Skinner             Kevin Fiala              55     1   2  2  
 2 Kent Johnson             Michael Bunting          45     1   2  2  

4 vs 4 Defense
   Defense                  Defense                  Time % Phy DF OF 
 1 Victor Soderstrom        Morgan Rielly            55     1   2  2  
 2 Noah Hanifin             Henri Jokiharju          45     1   2  2  

Last Minutes Offensive
   Center                   Left Wing                Right Wing               Defense                  Defense                  
   Michael Rasmussen        Joey Anderson            Jeff Skinner             Victor Soderstrom        Morgan Rielly            

Last Minutes Defensive
   Center                   Left Wing                Right Wing               Defense                  Defense                  
   Michael Rasmussen        Joey Anderson            Jeff Skinner             Victor Soderstrom        Morgan Rielly            

Goaltenders
Starting : Jacob Markstrom          
Backup : Lukas Dostal             

Extra Forwards
Normal : Jeff Skinner, Michael Bunting, Kent Johnson - PP : Michael Bunting, Kent Johnson - PK : Kent Johnson
Extra Defensemen
Normal : Morgan Rielly, Noah Hanifin, Henri Jokiharju - PP : Noah Hanifin - PK : Noah Hanifin, Henri Jokiharju
Penalty Shots
Kent Johnson, Kevin Fiala, Michael Rasmussen, Michael Bunting, Jeff Skinner
Custom OT Lines Forwards
Kevin Fiala, Michael Rasmussen, Jeff Skinner, Michael Bunting, Adrian Kempe, Carter Verhaeghe, David Gustafsson, Pierre Engvall, Kent Johnson, Jack Quinn
Custom OT Lines Defensemen
Rasmus Ristolainen, Morgan Rielly, Noah Hanifin, Henri Jokiharju, Oliver Ekman-Larsson

Scratches
Jacob Trouba (Right Hand Injury), Ian Mitchell (Healthy), Mackenzie Blackwood (Right Eye Injury)

% Time on Ice - VANCOUVER VOODOO

Lines # - Real PCT - Wanted PCT - Time Play
Normal Forward
1 - 35% - 36% - 17:51
2 - 34% - 36% - 17:35
3 - 23% - 24% - 12:06
4 - 8% - 4% - 4:02
Normal Defense
1 - 39% - 36% - 19:58
2 - 32% - 34% - 16:38
3 - 29% - 30% - 14:58
4 - 0% - 0% - 0:00
PP Forward
1 - 45% - 53% - 2:51
2 - 55% - 47% - 3:28
PP Defense
1 - 54% - 53% - 3:25
2 - 46% - 47% - 2:54
PK Forward
1 - 76% - 60% - 1:37
2 - 24% - 40% - 0:30
PK Defense
1 - 43% - 53% - 0:55
2 - 57% - 47% - 1:12
PK3 Forward
1 - 0% - 55%
2 - 0% - 45%
PK3 Defense
1 - 0% - 52%
2 - 0% - 48%
44 Forward
1 - 0% - 51%
2 - 0% - 49%
44 Defense
1 - 0% - 52%
2 - 0% - 48%
Last Minute Offensive  - 0:00
Last Minute Defensive  - 0:00
Total
Forward - 60:00
Defense - 60:00

% Time on Ice - ANAHEIM OUTLAWS

Lines # - Real PCT - Wanted PCT - Time Play
Normal Forward
1 - 34% - 36% - 17:25
2 - 32% - 31% - 16:38
3 - 23% - 23% - 11:57
4 - 11% - 10% - 5:34
Normal Defense
1 - 33% - 36% - 17:13
2 - 33% - 31% - 16:59
3 - 28% - 23% - 14:41
4 - 5% - 10% - 2:41
PP Forward
1 - 75% - 55% - 1:35
2 - 25% - 45% - 0:32
PP Defense
1 - 81% - 55% - 1:43
2 - 19% - 45% - 0:24
PK Forward
1 - 55% - 55% - 3:28
2 - 45% - 45% - 2:51
PK Defense
1 - 57% - 55% - 3:36
2 - 43% - 45% - 2:43
PK3 Forward
1 - 0% - 55%
2 - 0% - 45%
PK3 Defense
1 - 0% - 55%
2 - 0% - 45%
44 Forward
1 - 0% - 55%
2 - 0% - 45%
44 Defense
1 - 0% - 55%
2 - 0% - 45%
Last Minute Offensive  - 0:00
Last Minute Defensive  - 0:00
Total
Forward - 60:00
Defense - 60:00

Play-by-Play

1st period


0:01 of 1st period - Josh Anderson wins face-off versus Michael Rasmussen in neutral zone.
0:04 of 1st period - Joey Anderson is hit by Josh Anderson and loses puck.
0:34 of 1st period - Shot by Michael Rasmussen.
0:34 of 1st period - Stopped by Filip Gustavsson without a rebound.
0:35 of 1st period - Joshua Norris wins face-off versus Carter Verhaeghe in VANCOUVER VOODOO zone.
0:42 of 1st period - Shot by Nicolas Roy.
0:42 of 1st period - Stopped by Jacob Markstrom with a rebound.
0:44 of 1st period - Shot by Rafael Harvey-Pinard.
0:44 of 1st period - Shot Misses the Net.
1:08 of 1st period - Shot by Joshua Norris.
1:08 of 1st period - Stopped by Jacob Markstrom without a rebound.
1:09 of 1st period - Christian Dvorak wins face-off versus Pius Suter in ANAHEIM OUTLAWS zone.
1:33 of 1st period - Shot by Pius Suter.
1:33 of 1st period - Shot Misses the Net.
2:00 of 1st period - Icing by Jordan Harris.
2:01 of 1st period - Christian Dvorak wins face-off versus Kevin Fiala in VANCOUVER VOODOO zone.
2:01 of 1st period - Christian Dvorak is hit by David Gustafsson.
2:06 of 1st period - Off-side.
2:07 of 1st period - Michael Rasmussen wins face-off versus Joshua Norris in neutral zone.
2:18 of 1st period - Off-side.
2:19 of 1st period - Sean Couturier wins face-off versus Adrian Kempe in neutral zone.
3:52 of 1st period - Jeff Skinner is hit by Rafael Harvey-Pinard and loses puck.
4:01 of 1st period - Icing by Alexander Romanov.
4:02 of 1st period - Joshua Norris wins face-off versus Kevin Fiala in VANCOUVER VOODOO zone.
4:09 of 1st period - Shot by Nicolas Roy.
4:09 of 1st period - Shot Misses the Net.
4:11 of 1st period - Shot by Nicolas Roy.
4:11 of 1st period - Deflect By Rafael Harvey-Pinard.
4:11 of 1st period - Stopped by Jacob Markstrom without a rebound.
4:12 of 1st period - Kent Johnson wins face-off versus Christian Dvorak in ANAHEIM OUTLAWS zone.
5:08 of 1st period - Shot by Denis Malgin.
5:08 of 1st period - Stopped by Jacob Markstrom without a rebound.
5:09 of 1st period - Joshua Norris wins face-off versus Kevin Fiala in ANAHEIM OUTLAWS zone.
5:13 of 1st period - Minor Penalty to Joshua Norris for Hooking.
5:14 of 1st period - Michael Rasmussen wins face-off versus Christian Dvorak in VANCOUVER VOODOO zone.
5:21 of 1st period - Shot by Michael Bunting.
5:21 of 1st period - Goal by Michael Bunting - VANCOUVER VOODOO : 0 - ANAHEIM OUTLAWS : 1.
5:22 of 1st period - Adrian Kempe wins face-off versus Nicolas Roy in neutral zone.
5:29 of 1st period - Shot by Adrian Kempe.
5:29 of 1st period - Goal by Adrian Kempe - VANCOUVER VOODOO : 0 - ANAHEIM OUTLAWS : 2.
5:30 of 1st period - Michael Rasmussen wins face-off versus Josh Anderson in neutral zone.
6:09 of 1st period - Shot by Jeff Skinner.
6:09 of 1st period - Stopped by Filip Gustavsson without a rebound.
6:10 of 1st period - Joshua Norris wins face-off versus Adrian Kempe in VANCOUVER VOODOO zone.
6:10 of 1st period - Joshua Norris is hit by Adrian Kempe.
6:49 of 1st period - Shot by Adrian Kempe.
6:49 of 1st period - Shot Misses the Net.
6:51 of 1st period - Shot by Noah Hanifin.
6:51 of 1st period - Stopped by Filip Gustavsson without a rebound.
6:52 of 1st period - Kevin Fiala wins face-off versus Sean Couturier in VANCOUVER VOODOO zone.
7:15 of 1st period - Sean Couturier is hit by Rasmus Ristolainen and loses puck.
7:21 of 1st period - Icing by Rasmus Ristolainen.
7:22 of 1st period - Christian Dvorak wins face-off versus Kevin Fiala in ANAHEIM OUTLAWS zone.
7:23 of 1st period - Shot by Josh Bailey.
7:23 of 1st period - Shot Misses the Net.
7:25 of 1st period - Shot by Jonathan Drouin.
7:25 of 1st period - Shot Misses the Net.
7:27 of 1st period - Shot by Christian Dvorak.
7:27 of 1st period - Goal by Christian Dvorak - VANCOUVER VOODOO : 1 - ANAHEIM OUTLAWS : 2.
7:28 of 1st period - Joshua Norris wins face-off versus Michael Rasmussen in neutral zone.
7:56 of 1st period - Shot by Joshua Norris.
7:56 of 1st period - Stopped by Jacob Markstrom without a rebound.
7:57 of 1st period - Adrian Kempe wins face-off versus Alex Newhook in ANAHEIM OUTLAWS zone.
8:12 of 1st period - Off-side.
8:13 of 1st period - Christian Dvorak wins face-off versus Pius Suter in neutral zone.
8:21 of 1st period - Minor Penalty to Noah Hanifin for Delaying the game.
8:22 of 1st period - Sean Couturier wins face-off versus Michael Rasmussen in ANAHEIM OUTLAWS zone.
8:27 of 1st period - Shot by Nicolas Roy.
8:27 of 1st period - Shot Misses the Net.
8:59 of 1st period - Shot by Alexander Romanov.
8:59 of 1st period - Stopped by Jacob Markstrom without a rebound.
9:00 of 1st period - Michael Bunting wins face-off versus Joshua Norris in ANAHEIM OUTLAWS zone.
9:15 of 1st period - Shot by Josh Anderson.
9:15 of 1st period - Deflect By Joshua Norris.
9:15 of 1st period - Shot Misses the Net.
9:17 of 1st period - Shot by Josh Anderson.
9:17 of 1st period - Stopped by Jacob Markstrom without a rebound.
9:18 of 1st period - Joshua Norris wins face-off versus Kent Johnson in ANAHEIM OUTLAWS zone.
11:23 of 1st period - Icing by Jordan Harris.
11:24 of 1st period - Michael Rasmussen wins face-off versus Alex Newhook in VANCOUVER VOODOO zone.
11:32 of 1st period - Icing by Carson Soucy.
11:33 of 1st period - Alex Newhook wins face-off versus Adrian Kempe in VANCOUVER VOODOO zone.
11:33 of 1st period - Alex Newhook is hit by Adrian Kempe.
11:57 of 1st period - Shot by Adrian Kempe.
11:57 of 1st period - Shot Misses the Net.
11:59 of 1st period - Shot by Adrian Kempe.
11:59 of 1st period - Shot Misses the Net.
13:02 of 1st period - Shot by Michael Rasmussen.
13:02 of 1st period - Deflect By Jeff Skinner.
13:02 of 1st period - Stopped by Filip Gustavsson without a rebound.
13:03 of 1st period - Joshua Norris wins face-off versus Pius Suter in VANCOUVER VOODOO zone.
13:07 of 1st period - Nicolas Roy is hit by Pius Suter and loses puck.
13:14 of 1st period - Shot by Jack Quinn.
13:14 of 1st period - Stopped by Filip Gustavsson without a rebound.
13:15 of 1st period - Kevin Fiala wins face-off versus Christian Dvorak in VANCOUVER VOODOO zone.
14:14 of 1st period - Off-side.
14:15 of 1st period - Michael Rasmussen wins face-off versus Joshua Norris in neutral zone.
14:41 of 1st period - Morgan Rielly is hit by Rafael Harvey-Pinard and loses puck.
14:58 of 1st period - Shot by Joshua Norris.
14:58 of 1st period - Stopped by Jacob Markstrom without a rebound.
14:59 of 1st period - Christian Dvorak wins face-off versus Adrian Kempe in ANAHEIM OUTLAWS zone.
14:59 of 1st period - Jonathan Drouin is hit by Henri Jokiharju and loses puck.
15:03 of 1st period - Icing by Noah Hanifin.
15:04 of 1st period - Christian Dvorak wins face-off versus Carter Verhaeghe in ANAHEIM OUTLAWS zone.
15:04 of 1st period - Christian Dvorak is hit by Henri Jokiharju.
15:32 of 1st period - Shot by Carter Verhaeghe.
15:32 of 1st period - Shot Misses the Net.
15:34 of 1st period - Shot by Adrian Kempe.
15:34 of 1st period - Goal by Adrian Kempe - VANCOUVER VOODOO : 1 - ANAHEIM OUTLAWS : 3.
15:35 of 1st period - Kent Johnson wins face-off versus Joshua Norris in neutral zone.
15:39 of 1st period - Jack Quinn is hit by Nicolas Hague and loses puck.
15:51 of 1st period - Minor Penalty to Jack Quinn for Tripping.
15:52 of 1st period - Joshua Norris wins face-off versus Kent Johnson in ANAHEIM OUTLAWS zone.
16:09 of 1st period - Shot by Josh Bailey.
16:09 of 1st period - Stopped by Jacob Markstrom with a rebound.
16:11 of 1st period - Shot by Ryan Suter.
16:11 of 1st period - Shot Misses the Net.
16:13 of 1st period - Shot by Joshua Norris.
16:13 of 1st period - Goal by Joshua Norris - VANCOUVER VOODOO : 2 - ANAHEIM OUTLAWS : 3.
16:14 of 1st period - Adrian Kempe wins face-off versus Sean Couturier in neutral zone.
16:21 of 1st period - Shot by Adrian Kempe.
16:21 of 1st period - Stopped by Filip Gustavsson without a rebound.
16:22 of 1st period - Michael Rasmussen wins face-off versus Rafael Harvey-Pinard in VANCOUVER VOODOO zone.
18:10 of 1st period - Christian Dvorak is hit by Rasmus Ristolainen and loses puck.
18:25 of 1st period - Shot by Jonathan Drouin.
18:25 of 1st period - Shot Blocked by Rasmus Ristolainen.
18:27 of 1st period - Shot by Carson Soucy.
18:27 of 1st period - Stopped by Jacob Markstrom without a rebound.
18:28 of 1st period - Joshua Norris wins face-off versus Adrian Kempe in ANAHEIM OUTLAWS zone.
18:28 of 1st period - Joshua Norris is hit by Morgan Rielly.
18:50 of 1st period - Shot by Rafael Harvey-Pinard.
18:50 of 1st period - Stopped by Jacob Markstrom with a rebound.
18:52 of 1st period - Shot by Nicolas Hague.
18:52 of 1st period - Stopped by Jacob Markstrom without a rebound.
18:53 of 1st period - Christian Dvorak wins face-off versus Kevin Fiala in ANAHEIM OUTLAWS zone.
18:56 of 1st period - Shot by Jonathan Drouin.
18:56 of 1st period - Shot Misses the Net.
18:58 of 1st period - Shot by Carson Soucy.
18:58 of 1st period - Stopped by Jacob Markstrom without a rebound.
18:59 of 1st period - Michael Rasmussen wins face-off versus Sean Couturier in ANAHEIM OUTLAWS zone.
18:59 of 1st period - Michael Rasmussen is hit by Josh Anderson.
19:06 of 1st period - Noah Hanifin is hit by Alexander Romanov and loses puck.
19:31 of 1st period - Shot by Michael Rasmussen.
19:31 of 1st period - Shot Hit the Post.
19:33 of 1st period - Shot by Noah Hanifin.
19:33 of 1st period - Shot Blocked by Ryan Suter.
19:35 of 1st period - Shot by Joey Anderson.
19:35 of 1st period - Shot Blocked by Alexander Romanov.
19:37 of 1st period - Shot by Michael Rasmussen.
19:37 of 1st period - Shot Blocked by Alexander Romanov.
Goals for this period are 2 for VANCOUVER VOODOO vs 3 for ANAHEIM OUTLAWS.
Shots for this period are 15 for VANCOUVER VOODOO vs 9 for ANAHEIM OUTLAWS.

2nd period


0:01 of 2nd period - Adrian Kempe wins face-off versus Sean Couturier in neutral zone.
0:16 of 2nd period - Icing by Morgan Rielly.
0:17 of 2nd period - Joshua Norris wins face-off versus Adrian Kempe in ANAHEIM OUTLAWS zone.
1:05 of 2nd period - Nicolas Roy is hit by Michael Rasmussen and loses puck.
1:31 of 2nd period - Minor Penalty to Henri Jokiharju for High sticking.
1:32 of 2nd period - Joshua Norris wins face-off versus Kent Johnson in ANAHEIM OUTLAWS zone.
2:35 of 2nd period - Shot by Sean Couturier.
2:35 of 2nd period - Deflect By Jonathan Drouin.
2:35 of 2nd period - Stopped by Jacob Markstrom without a rebound.
2:36 of 2nd period - Sean Couturier wins face-off versus Jeff Skinner in ANAHEIM OUTLAWS zone.
2:59 of 2nd period - Shot by Jonathan Drouin.
2:59 of 2nd period - Shot Misses the Net.
3:23 of 2nd period - Off-side.
3:24 of 2nd period - Josh Bailey wins face-off versus Kent Johnson in neutral zone.
3:32 of 2nd period - Icing by Noah Hanifin.
3:33 of 2nd period - Sean Couturier wins face-off versus Kevin Fiala in ANAHEIM OUTLAWS zone.
3:33 of 2nd period - Sean Couturier is hit by Henri Jokiharju.
3:45 of 2nd period - Shot by Sean Couturier.
3:45 of 2nd period - Stopped by Jacob Markstrom without a rebound.
3:46 of 2nd period - Christian Dvorak wins face-off versus Pius Suter in ANAHEIM OUTLAWS zone.
3:47 of 2nd period - Shot by Jonathan Drouin.
3:47 of 2nd period - Shot Misses the Net.
3:56 of 2nd period - Off-side.
3:57 of 2nd period - Josh Anderson wins face-off versus Adrian Kempe in neutral zone.
4:47 of 2nd period - Icing by Michael Bunting.
4:48 of 2nd period - Adrian Kempe wins face-off versus Joshua Norris in ANAHEIM OUTLAWS zone.
4:53 of 2nd period - Nicolas Roy is hit by Adrian Kempe and loses puck.
5:44 of 2nd period - Shot by Ryan Suter.
5:44 of 2nd period - Deflect By Christian Dvorak.
5:44 of 2nd period - Shot Misses the Net.
5:51 of 2nd period - Josh Bailey is hit by Henri Jokiharju and loses puck.
6:06 of 2nd period - Shot by Josh Bailey.
6:06 of 2nd period - Stopped by Jacob Markstrom without a rebound.
6:07 of 2nd period - Sean Couturier wins face-off versus Pius Suter in ANAHEIM OUTLAWS zone.
6:16 of 2nd period - Shot by Josh Anderson.
6:16 of 2nd period - Shot Hit the Post.
6:47 of 2nd period - Minor Penalty to Pius Suter for High sticking.
6:48 of 2nd period - Nicolas Roy wins face-off versus Kent Johnson in ANAHEIM OUTLAWS zone.
8:03 of 2nd period - Shot by Joshua Norris.
8:03 of 2nd period - Deflect By Josh Anderson.
8:03 of 2nd period - Stopped by Jacob Markstrom without a rebound.
8:04 of 2nd period - Jeff Skinner wins face-off versus Joshua Norris in ANAHEIM OUTLAWS zone.
9:06 of 2nd period - Shot by Pierre Engvall.
9:06 of 2nd period - Stopped by Filip Gustavsson without a rebound.
9:07 of 2nd period - Nicolas Roy wins face-off versus Adrian Kempe in VANCOUVER VOODOO zone.
9:23 of 2nd period - Shot by Michael Bunting.
9:23 of 2nd period - Shot Misses the Net.
10:09 of 2nd period - Off-side.
10:10 of 2nd period - Pius Suter wins face-off versus Sean Couturier in neutral zone.
10:15 of 2nd period - Shot by Kent Johnson.
10:15 of 2nd period - Stopped by Filip Gustavsson without a rebound.
10:16 of 2nd period - Pius Suter wins face-off versus Sean Couturier in VANCOUVER VOODOO zone.
11:26 of 2nd period - Off-side.
11:27 of 2nd period - Joshua Norris wins face-off versus Adrian Kempe in neutral zone.
11:39 of 2nd period - Shot by Rafael Harvey-Pinard.
11:39 of 2nd period - Shot Misses the Net.
11:57 of 2nd period - Shot by Rafael Harvey-Pinard.
11:57 of 2nd period - Stopped by Jacob Markstrom without a rebound.
11:58 of 2nd period - Christian Dvorak wins face-off versus Michael Rasmussen in ANAHEIM OUTLAWS zone.
12:45 of 2nd period - Icing by Rasmus Ristolainen.
12:46 of 2nd period - Michael Rasmussen wins face-off versus Sean Couturier in ANAHEIM OUTLAWS zone.
13:40 of 2nd period - Icing by Ryan Suter.
13:41 of 2nd period - Sean Couturier wins face-off versus Pius Suter in VANCOUVER VOODOO zone.
13:41 of 2nd period - Sean Couturier is hit by Kent Johnson.
14:02 of 2nd period - Sean Couturier is hit by Pius Suter and loses puck.
14:06 of 2nd period - Off-side.
14:07 of 2nd period - Nicolas Roy wins face-off versus Pierre Engvall in neutral zone.
15:12 of 2nd period - Shot by Josh Bailey.
15:12 of 2nd period - Stopped by Jacob Markstrom without a rebound.
15:13 of 2nd period - Christian Dvorak wins face-off versus Adrian Kempe in ANAHEIM OUTLAWS zone.
15:22 of 2nd period - Shot by Adrian Kempe.
15:22 of 2nd period - Stopped by Filip Gustavsson without a rebound.
15:23 of 2nd period - Sean Couturier wins face-off versus Michael Rasmussen in VANCOUVER VOODOO zone.
15:37 of 2nd period - Michael Rasmussen is hit by Nicolas Hague and loses puck.
16:01 of 2nd period - Shot by Jeff Skinner.
16:01 of 2nd period - Stopped by Filip Gustavsson without a rebound.
16:02 of 2nd period - Christian Dvorak wins face-off versus Adrian Kempe in VANCOUVER VOODOO zone.
16:19 of 2nd period - Christian Dvorak is hit by Henri Jokiharju.
16:35 of 2nd period - Shot by Jonathan Drouin.
16:35 of 2nd period - Shot Misses the Net.
16:58 of 2nd period - Joshua Norris is hit by Noah Hanifin.
17:17 of 2nd period - Icing by Henri Jokiharju.
17:18 of 2nd period - Sean Couturier wins face-off versus Carter Verhaeghe in ANAHEIM OUTLAWS zone.
17:37 of 2nd period - Shot by Patrick Kane.
17:37 of 2nd period - Shot Misses the Net.
17:48 of 2nd period - Michael Rasmussen is hit by Nicolas Hague and loses puck.
17:52 of 2nd period - Michael Rasmussen is hit by Braden Schneider.
18:40 of 2nd period - Shot by Kent Johnson.
18:40 of 2nd period - Stopped by Filip Gustavsson without a rebound.
18:41 of 2nd period - Christian Dvorak wins face-off versus Kevin Fiala in VANCOUVER VOODOO zone.
19:01 of 2nd period - Kevin Fiala is hit by Alexander Romanov and loses puck.
19:11 of 2nd period - Minor Penalty to Alexander Romanov for Tripping.
19:12 of 2nd period - Christian Dvorak wins face-off versus Kevin Fiala in VANCOUVER VOODOO zone.
19:23 of 2nd period - Shot by Jeff Skinner.
19:23 of 2nd period - Shot Misses the Net.
19:25 of 2nd period - Shot by Morgan Rielly.
19:25 of 2nd period - Shot Misses the Net.
19:27 of 2nd period - Shot by Kevin Fiala.
19:27 of 2nd period - Shot Misses the Net.
19:50 of 2nd period - Jordan Harris is hit by Kevin Fiala and loses puck.
Goals for this period are 0 for VANCOUVER VOODOO vs 0 for ANAHEIM OUTLAWS.
Shots for this period are 6 for VANCOUVER VOODOO vs 5 for ANAHEIM OUTLAWS.

3rd period


0:01 of 3rd period - Kevin Fiala wins face-off versus Rafael Harvey-Pinard in neutral zone.
1:00 of 3rd period - Shot by Michael Rasmussen.
1:00 of 3rd period - Shot Misses the Net.
1:05 of 3rd period - Shot by Noah Hanifin.
1:05 of 3rd period - Shot Misses the Net.
1:48 of 3rd period - Michael Bunting is hit by Alexander Romanov and loses puck.
2:08 of 3rd period - Icing by Henri Jokiharju.
2:09 of 3rd period - Michael Rasmussen wins face-off versus Joshua Norris in ANAHEIM OUTLAWS zone.
2:18 of 3rd period - Shot by Joshua Norris.
2:18 of 3rd period - Deflect By Rafael Harvey-Pinard.
2:18 of 3rd period - Shot Misses the Net.
2:20 of 3rd period - Shot by Rafael Harvey-Pinard.
2:20 of 3rd period - Stopped by Jacob Markstrom without a rebound.
2:21 of 3rd period - Christian Dvorak wins face-off versus Kent Johnson in ANAHEIM OUTLAWS zone.
2:36 of 3rd period - Shot by Josh Bailey.
2:36 of 3rd period - Deflect By Jonathan Drouin.
2:36 of 3rd period - Stopped by Jacob Markstrom without a rebound.
2:37 of 3rd period - Joshua Norris wins face-off versus Michael Rasmussen in ANAHEIM OUTLAWS zone.
3:29 of 3rd period - Icing by Henri Jokiharju.
3:30 of 3rd period - Michael Rasmussen wins face-off versus Sean Couturier in ANAHEIM OUTLAWS zone.
3:44 of 3rd period - Off-side.
3:45 of 3rd period - Christian Dvorak wins face-off versus Pius Suter in neutral zone.
3:55 of 3rd period - Off-side.
3:56 of 3rd period - Sean Couturier wins face-off versus Adrian Kempe in neutral zone.
4:21 of 3rd period - Shot by Josh Anderson.
4:21 of 3rd period - Deflect By Patrick Kane.
4:21 of 3rd period - Shot Misses the Net.
4:23 of 3rd period - Shot by Sean Couturier.
4:23 of 3rd period - Stopped by Jacob Markstrom without a rebound.
4:24 of 3rd period - Pius Suter wins face-off versus Joshua Norris in ANAHEIM OUTLAWS zone.
4:31 of 3rd period - Icing by Alexander Romanov.
4:32 of 3rd period - Joshua Norris wins face-off versus Pius Suter in VANCOUVER VOODOO zone.
4:51 of 3rd period - Shot by Pius Suter.
4:51 of 3rd period - Shot Misses the Net.
4:53 of 3rd period - Shot by Noah Hanifin.
4:53 of 3rd period - Shot Misses the Net.
5:27 of 3rd period - Shot by Michael Rasmussen.
5:27 of 3rd period - Stopped by Filip Gustavsson with a rebound.
5:29 of 3rd period - Shot by Morgan Rielly.
5:29 of 3rd period - Shot Misses the Net.
5:31 of 3rd period - Shot by Michael Rasmussen.
5:31 of 3rd period - Shot Hit the Post.
5:33 of 3rd period - Shot by Michael Rasmussen.
5:33 of 3rd period - Shot Misses the Net.
5:47 of 3rd period - Shot by Jeff Skinner.
5:47 of 3rd period - Stopped by Filip Gustavsson without a rebound.
5:48 of 3rd period - Sean Couturier wins face-off versus Adrian Kempe in VANCOUVER VOODOO zone.
6:03 of 3rd period - Shot by Michael Bunting.
6:03 of 3rd period - Shot Misses the Net.
6:31 of 3rd period - Shot by Sean Couturier.
6:31 of 3rd period - Deflect By Patrick Kane.
6:31 of 3rd period - Shot Blocked by Oliver Ekman-Larsson.
7:07 of 3rd period - Shot by Jonathan Drouin.
7:07 of 3rd period - Stopped by Jacob Markstrom without a rebound.
7:08 of 3rd period - Michael Rasmussen wins face-off versus Alex Newhook in ANAHEIM OUTLAWS zone.
7:17 of 3rd period - Shot by Michael Rasmussen.
7:17 of 3rd period - Shot Misses the Net.
7:27 of 3rd period - Shot by Alex Newhook.
7:27 of 3rd period - Shot Blocked by Morgan Rielly.
7:29 of 3rd period - Shot by Alex Newhook.
7:29 of 3rd period - Shot Misses the Net.
7:39 of 3rd period - Shot by Sean Couturier.
7:39 of 3rd period - Stopped by Jacob Markstrom without a rebound.
7:40 of 3rd period - Joshua Norris wins face-off versus Pius Suter in ANAHEIM OUTLAWS zone.
7:45 of 3rd period - Shot by Rafael Harvey-Pinard.
7:45 of 3rd period - Shot Blocked by Henri Jokiharju.
7:47 of 3rd period - Shot by Nicolas Roy.
7:47 of 3rd period - Shot Misses the Net.
7:49 of 3rd period - Shot by Nicolas Roy.
7:49 of 3rd period - Shot Misses the Net.
8:17 of 3rd period - Shot by Rafael Harvey-Pinard.
8:17 of 3rd period - Shot Misses the Net.
8:42 of 3rd period - Shot by Jonathan Drouin.
8:42 of 3rd period - Stopped by Jacob Markstrom without a rebound.
8:43 of 3rd period - Sean Couturier wins face-off versus Michael Rasmussen in ANAHEIM OUTLAWS zone.
8:46 of 3rd period - Shot by Patrick Kane.
8:46 of 3rd period - Deflect By Josh Anderson.
8:46 of 3rd period - Stopped by Jacob Markstrom without a rebound.
8:47 of 3rd period - Sean Couturier wins face-off versus Michael Rasmussen in ANAHEIM OUTLAWS zone.
8:57 of 3rd period - Shot by Sean Couturier.
8:57 of 3rd period - Stopped by Jacob Markstrom without a rebound.
8:58 of 3rd period - Christian Dvorak wins face-off versus Adrian Kempe in ANAHEIM OUTLAWS zone.
10:28 of 3rd period - Shot by Michael Rasmussen.
10:28 of 3rd period - Shot Misses the Net.
10:38 of 3rd period - Shot by Michael Rasmussen.
10:38 of 3rd period - Shot Misses the Net.
11:19 of 3rd period - Shot by Pius Suter.
11:19 of 3rd period - Stopped by Filip Gustavsson without a rebound.
11:20 of 3rd period - Kevin Fiala wins face-off versus Joshua Norris in VANCOUVER VOODOO zone.
11:27 of 3rd period - Shot by Morgan Rielly.
11:27 of 3rd period - Shot Hit the Post.
11:29 of 3rd period - Shot by Pierre Engvall.
11:29 of 3rd period - Shot Misses the Net.
12:38 of 3rd period - Off-side.
12:39 of 3rd period - Michael Rasmussen wins face-off versus Sean Couturier in neutral zone.
13:02 of 3rd period - Shot by Michael Rasmussen.
13:02 of 3rd period - Stopped by Filip Gustavsson without a rebound.
13:03 of 3rd period - Pius Suter wins face-off versus Christian Dvorak in VANCOUVER VOODOO zone.
13:06 of 3rd period - Shot by Jack Quinn.
13:06 of 3rd period - Deflect By Kent Johnson.
13:06 of 3rd period - Stopped by Filip Gustavsson with a rebound.
13:24 of 3rd period - Shot by Jack Quinn.
13:24 of 3rd period - Stopped by Filip Gustavsson without a rebound.
13:25 of 3rd period - Sean Couturier wins face-off versus Michael Rasmussen in VANCOUVER VOODOO zone.
13:34 of 3rd period - Shot by Josh Anderson.
13:34 of 3rd period - Goal by Josh Anderson - VANCOUVER VOODOO : 3 - ANAHEIM OUTLAWS : 3.
13:35 of 3rd period - Sean Couturier wins face-off versus Adrian Kempe in neutral zone.
13:35 of 3rd period - Sean Couturier is hit by Adrian Kempe.
14:56 of 3rd period - Off-side.
14:57 of 3rd period - Christian Dvorak wins face-off versus Pius Suter in neutral zone.
15:00 of 3rd period - Jack Quinn is hit by Christian Dvorak and loses puck.
15:21 of 3rd period - Shot by Josh Bailey.
15:21 of 3rd period - Deflect By Jonathan Drouin.
15:21 of 3rd period - Shot Blocked by Rasmus Ristolainen.
15:23 of 3rd period - Shot by Christian Dvorak.
15:23 of 3rd period - Deflect By Jonathan Drouin.
15:23 of 3rd period - Stopped by Jacob Markstrom without a rebound.
15:24 of 3rd period - Joshua Norris wins face-off versus Michael Rasmussen in ANAHEIM OUTLAWS zone.
15:30 of 3rd period - Joshua Norris is hit by Henri Jokiharju and loses puck.
15:55 of 3rd period - Shot by Rafael Harvey-Pinard.
15:55 of 3rd period - Stopped by Jacob Markstrom without a rebound.
15:56 of 3rd period - Sean Couturier wins face-off versus Pius Suter in ANAHEIM OUTLAWS zone.
16:18 of 3rd period - Icing by Pius Suter.
16:19 of 3rd period - Christian Dvorak wins face-off versus Pius Suter in ANAHEIM OUTLAWS zone.
16:35 of 3rd period - Jack Quinn is hit by Alexander Romanov and loses puck.
17:01 of 3rd period - Icing by Ryan Suter.
17:02 of 3rd period - Christian Dvorak wins face-off versus Adrian Kempe in VANCOUVER VOODOO zone.
17:10 of 3rd period - Icing by Rasmus Ristolainen.
17:11 of 3rd period - Joshua Norris wins face-off versus Adrian Kempe in ANAHEIM OUTLAWS zone.
18:14 of 3rd period - Shot by Jeff Skinner.
18:14 of 3rd period - Shot Misses the Net.
18:16 of 3rd period - Shot by Morgan Rielly.
18:16 of 3rd period - Stopped by Filip Gustavsson without a rebound.
18:17 of 3rd period - Sean Couturier wins face-off versus Pius Suter in VANCOUVER VOODOO zone.
18:26 of 3rd period - Shot by Sean Couturier.
18:26 of 3rd period - Stopped by Jacob Markstrom without a rebound.
18:27 of 3rd period - Sean Couturier wins face-off versus Michael Rasmussen in ANAHEIM OUTLAWS zone.
18:48 of 3rd period - Shot by Michael Rasmussen.
18:48 of 3rd period - Shot Misses the Net.
19:25 of 3rd period - Shot by Kent Johnson.
19:25 of 3rd period - Stopped by Filip Gustavsson with a rebound.
19:27 of 3rd period - Shot by Morgan Rielly.
19:27 of 3rd period - Stopped by Filip Gustavsson without a rebound.
19:28 of 3rd period - Christian Dvorak wins face-off versus Adrian Kempe in VANCOUVER VOODOO zone.
19:41 of 3rd period - Shot by Christian Dvorak.
19:41 of 3rd period - Shot Misses the Net.
19:43 of 3rd period - Shot by Christian Dvorak.
19:43 of 3rd period - Stopped by Jacob Markstrom without a rebound.
19:44 of 3rd period - Joshua Norris wins face-off versus Pius Suter in ANAHEIM OUTLAWS zone.
19:45 of 3rd period - Shot by Rafael Harvey-Pinard.
19:45 of 3rd period - Stopped by Jacob Markstrom without a rebound.
19:46 of 3rd period - Joshua Norris wins face-off versus Pius Suter in ANAHEIM OUTLAWS zone.
19:57 of 3rd period - Shot by Rafael Harvey-Pinard.
19:57 of 3rd period - Stopped by Jacob Markstrom without a rebound.
19:58 of 3rd period - Christian Dvorak wins face-off versus Adrian Kempe in ANAHEIM OUTLAWS zone.
19:59 of 3rd period - Shot by Jonathan Drouin.
19:59 of 3rd period - Shot Blocked by Morgan Rielly.
Goals for this period are 1 for VANCOUVER VOODOO vs 0 for ANAHEIM OUTLAWS.
Shots for this period are 15 for VANCOUVER VOODOO vs 9 for ANAHEIM OUTLAWS.

Overtime #1


0:01 of 1st overtime period - Michael Rasmussen wins face-off versus Sean Couturier in neutral zone.
0:03 of 1st overtime period - Off-side.
0:04 of 1st overtime period - Sean Couturier wins face-off versus Michael Rasmussen in neutral zone.
0:23 of 1st overtime period - Shot by Michael Rasmussen.
0:23 of 1st overtime period - Stopped by Filip Gustavsson without a rebound.
0:24 of 1st overtime period - Sean Couturier wins face-off versus Michael Rasmussen in VANCOUVER VOODOO zone.
1:24 of 1st overtime period - Icing by Nicolas Roy.
1:25 of 1st overtime period - Joshua Norris wins face-off versus Jeff Skinner in VANCOUVER VOODOO zone.
1:37 of 1st overtime period - Shot by Nicolas Roy.
1:37 of 1st overtime period - Stopped by Jacob Markstrom without a rebound.
1:38 of 1st overtime period - Joshua Norris wins face-off versus Jeff Skinner in ANAHEIM OUTLAWS zone.
1:41 of 1st overtime period - Shot by Joshua Norris.
1:41 of 1st overtime period - Stopped by Jacob Markstrom without a rebound.
1:42 of 1st overtime period - Sean Couturier wins face-off versus Michael Rasmussen in ANAHEIM OUTLAWS zone.
1:49 of 1st overtime period - Shot by Patrick Kane.
1:49 of 1st overtime period - Goal by Patrick Kane - VANCOUVER VOODOO : 4 - ANAHEIM OUTLAWS : 3.
Goals for this period are 1 for VANCOUVER VOODOO vs 0 for ANAHEIM OUTLAWS.
Shots for this period are 3 for VANCOUVER VOODOO vs 1 for ANAHEIM OUTLAWS.


BLAKE
WHEELER
STEVEN
STAMKOS
DREW
DOUGHTY

EAST COAST

HOCKEY LEAGUE

  • 63.RHI2PIT5
  • 64.WOR4ATL3
  • 65.QUECHW
  • 66.CHATRV